 Dungeon Crawl Stone Soup version 0.31-a0-435-g2c6fae2916 (webtiles) character file.

Game seed: 6440512700218782263

31518 Ethylacetat the Mimic (level 13, 0/114 HPs)
             Began as an Octopode Shapeshifter on July 31, 2023.
             Was an Initiate of Gozag.
             Slain by a centaur warrior
             ... wielding the +2 long sword "Lawiar" {freeze, *Rage rC+ Will++ rCorr}
              (2 damage)
             ... on level 13 of the Dungeon.
             The game lasted 00:39:57 (16341 turns).

Ethylacetat the Mimic (Octopode Shapeshifter)      Turns: 16341, Time: 00:39:59

Health: 0/114      AC: 16    Str: 20    XL:     13   Next: 58%
Magic:  0/13       EV: 15    Int: 10    God:    Gozag
Gold:   2096       SH:  0    Dex: 17    Spells: 12/12 levels left

rFire   + . .        u - melded +0 flail (protect)
rCold   . . .        n - melded +0 buckler
rNeg    . . .        (helmet currently unavailable)
rPois   .            h - amulet of guardian spirit
rElec   .            f - ring of resist corrosion
rCorr   +            o - +4 ring of protection
SInv    +            q - ring of protection from fire
Will    .....        w - ring of see invisible
Stlth   ++           I - +5 ring of evasion
HPRegen 0.39/turn    (no ring)
MPRegen 0.13/turn    (no ring)
                     (no ring)

%: guardian spirit
@: about to teleport, snake-form, slowed, very slow
A: constrict, boosted hp, almost no armour, amphibious, 8 rings, large,
(camouflage 1), (gelatinous body 1), (nimble swimmer 1), (tentacles)
a: Begin Untransformation, Renounce Religion, Potion Petition, Call Merchant,
Bribe Branch


You were on level 13 of the Dungeon.
You worshipped Gozag.
Gozag was most pleased with you.
You were an enormous anaconda.
You visited 2 branches of the dungeon, and saw 14 of its levels.
You visited the Abyss 1 time.

You collected 2700 gold pieces.
You spent 540 gold pieces at shops.
You paid 64 gold pieces to Gozag.

Inventory:

Hand Weapons
 u - a +0 flail of protection (melded)
Missiles
 p - 3 throwing nets
 R - 6 curare-tipped darts
Armour
 n - a +0 buckler (melded)
Jewellery
 f - a ring of resist corrosion (left tentacle)
 h - an amulet of guardian spirit (around neck)
 o - a +4 ring of protection (right tentacle)
 q - a ring of protection from fire (on tentacle)
 w - a ring of see invisible (on tentacle)
 I - a +5 ring of evasion (on tentacle)
 N - a ring of willpower
 O - a +6 ring of intelligence
Talismans
 A - a serpent talisman (active)
Wands
 y - a wand of light (7)
 F - a wand of polymorph (14)
 J - a wand of digging (8)
 M - a wand of charming (9)
 Q - a wand of flame (10)
Scrolls
 b - 2 scrolls of noise {unknown}
 c - 2 scrolls of enchant armour {unknown}
 e - 8 scrolls of identify {unknown}
 g - a scroll of vulnerability {unknown}
 i - a scroll of teleportation
 j - a scroll of butterflies
 k - 2 scrolls of fog
 m - 2 scrolls of silence
 r - 2 scrolls of poison {unknown}
 s - 2 scrolls of fear {unknown}
 B - 2 scrolls of blinking {unknown}
 K - a scroll of amnesia {unknown}
Potions
 a - 4 potions of lignification
 d - 4 potions of curing
 l - 4 potions of heal wounds {unknown}
 t - 3 potions of haste {unknown}
 v - 3 potions of enlightenment {unknown}
 x - 4 potions of berserk rage {unknown}
 z - 2 potions of brilliance {unknown}
 C - 4 potions of ambrosia {unknown}
 D - a potion of invisibility {unknown}
 E - a potion of attraction {unknown}
 G - a potion of mutation {unknown}
 H - 2 potions of might {unknown}
 L - 2 potions of degeneration {unknown}
 P - a potion of magic {unknown}


   Skills:
 + Level 11.6 Fighting
 - Level 2.0 Dodging
 + Level 12.0 Unarmed Combat
 * Level 14.0 Shapeshifting


You had 12 spell levels left.
You didn't know any spells.
Your spell library contained the following spells:

 Spells                   Type           Power      Damage    Failure   Level
 Slow                     Hex            0%         N/A       36%         1
 Summon Small Mammal      Summ           0%         N/A       36%         1
 Blink                    Tloc           0%         N/A       50%         2
 Lesser Beckoning         Tloc           0%         N/A       50%         2
 Momentum Strike          Conj/Tloc      0%         3d8       50%         2
 Poisonous Vapours        Pois/Air       0%         N/A       50%         2
 Sublimation of Blood     Necr           0%         N/A       50%         2
 Call Canine Familiar     Summ           0%         N/A       75%         3
 Confusing Touch          Hex            0%         N/A       75%         3
 Frozen Ramparts          Ice            0%         1d1       75%         3
 Mephitic Cloud           Conj/Pois/Air  0%         N/A       75%         3
 Portal Projectile        Hex/Tloc       0%         N/A       75%         3
 Stone Arrow              Conj/Erth      0%         3d7       75%         3
 Summon Guardian Golem    Hex/Summ       0%         N/A       75%         3
 Vampiric Draining        Necr           0%         2d6       75%         3
 Leda's Liquefaction      Hex/Erth       0%         N/A       98%         4
 Petrify                  Tmut/Erth      0%         N/A       98%         4
 Freezing Cloud           Conj/Ice/Air   0%         6-21      100%        5
 Irradiate                Conj/Tmut      0%         3d11      100%        5
 Metabolic Englaciation   Hex/Ice        0%         N/A       100%        5
 Summon Forest            Summ/Tloc      0%         N/A       100%        5
 Eringya's Noxious Bog    Tmut/Pois      0%         4d6       100%        6
 Orb of Destruction       Conj           0%         9d5       100%        7
 Spellforged Servitor     Conj/Summ      0%         N/A       100%        7
 Summon Hydra             Summ           0%         N/A       100%        7
 Lehudib's Crystal Spear  Conj/Erth      0%         10d2      100%        8
 Animate Armour           Summ/Erth      Unusable   N/A       N/A         4

Dungeon Overview and Level Annotations

Branches:
Dungeon (13/15)            Temple (1/1) D:5            Lair (0/5) D:10
    Orc (0/2) D:11
 Vaults: D:13-14

Altars:
Ashenzari
Cheibriados
Dithmenos
Elyvilon
Fedhas
Gozag
Hepliaklqana
Kikubaaqudgha
Makhleb
Nemelex Xobeh
Okawaru
Qazlal
Ru
Sif Muna
Trog
Uskayaw
Vehumet
Wu Jian
Xom
Yredelemnul
Zin
The Shining One

Shops:
D:6 =


Innate Abilities, Weirdness & Mutations

You are an enormous anaconda.
You have a powerful constriction melee attack.
Your maximum health is increased.
Your armour is entirely melded.
You are incapable of wielding weapons or throwing items.
You cannot wear most types of armour.
You are amphibious.
You can wear up to eight rings at the same time.
((Your skin changes colour to match your surroundings (Stealth+).))
((Your rubbery body absorbs attacks. (AC +1, EV +1)))
((You are camouflaged when in or above water. (Stealth+)))
((You have tentacles for arms and can constrict up to eight enemies at once.))


Message History

The centaur warrior freezes you.
The centaur warrior kicks you but does no damage.
A yaktaur captain comes into view.
It is wielding the +6 mace "Bimowiti" {freeze, rPois rN+}.
The centaur warrior misses you.
The centaur warrior kicks you but does no damage.
The yaktaur captain shouts!
You hit the centaur warrior.
The centaur warrior is severely wounded.
You feel yourself speed up.
You constrict the centaur warrior. The centaur warrior closely misses you.
The centaur warrior goes berserk!
The centaur warrior kicks you but does no damage.
The centaur warrior hits you with the +2 long sword "Lawiar" {freeze, *Rage rC+ Will++ rCorr}!
The centaur warrior freezes you.
The centaur warrior kicks you but does no damage.
As you read the scroll of teleportation, it crumbles to dust.
You feel strangely unstable.
You constrict the centaur warrior.
The centaur warrior hits you with the +2 long sword "Lawiar" {freeze, *Rage rC+ Will++ rCorr}!!
* * * LOW HITPOINT WARNING * * *
You feel yourself slow down. The centaur warrior freezes you.
* * * LOW HITPOINT WARNING * * *
The centaur warrior kicks you but does no damage.
The centaur warrior hits you with the +2 long sword "Lawiar" {freeze, *Rage rC+ Will++ rCorr}.
* * * LOW HITPOINT WARNING * * *
The centaur warrior freezes you.
* * * LOW HITPOINT WARNING * * *
The centaur warrior barely misses you.
You feel better.
You constrict the centaur warrior.
The centaur warrior hits you with the +2 long sword "Lawiar" {freeze, *Rage rC+ Will++ rCorr}!!
* * * LOW HITPOINT WARNING * * *
You feel as though you will be slow longer.
The centaur warrior freezes you.
* * * LOW HITPOINT WARNING * * *
The centaur warrior misses you.
The centaur warrior hits you with the +2 long sword "Lawiar" {freeze, *Rage rC+ Will++ rCorr}!
* * * LOW HITPOINT WARNING * * *
You feel as though you will be slow longer.
The centaur warrior freezes you.
You die...
Your body crumbles into a pile of gold.

#....$ยง.###.......#....#.
..###.8.####.......##....#.
..:.......##.......##....#.
$
.....c.....#.......#.....#.
...........#.......#.....#.
...........+.......#.....#.
...........#.......'.....#.
#########c#####[#####'####.
.......$S.........#....##
..................#......
..................#...... $
..................#......
..................#......
..................##'####
####.....#########......#
#.....# #......# #.....#
#......#


You could see a yaktaur captain and a centaur warrior (berserk).

Vanquished Creatures
  A fire dragon (D:12)
  Erolcha (D:9)
  A boulder beetle (D:13)
  7 two-headed ogres
  3 death yaks (D:10)
  2 centaur warriors (D:13)
  4 skeletal warriors
  A wizard (D:11)
  Pikel (D:7)
  3 cyclopes
  2 ugly things (D:11)
  A manticore (D:11)
  5 centaur zombies (D:13)
  2 gargoyles
  Maggie (D:9)
  2 unseen horrors (D:11)
  An efreet (D:11)
  2 komodo dragons
  3 kobold demonologists
  A queen bee (D:11)
  A tengu conjurer (D:13)
  4 trolls
  2 hornets (D:7)
  Grinder (D:6)
  Sigmund (D:2)
  A shadow (D:13)
  6 wraiths
  A slime creature (D:13)
  21 yaks
  A basilisk (D:12)
  A chaos spawn (Abyss:2)
  Menkaure (D:6)
  6 vampire mosquitoes
  2 water moccasins
  3 acid dragons (D:12)
  An orc warrior (D:4)
  Duvessa (D:6)
  A black bear (D:5)
  2 ice beasts
  4 centaurs
  An ogre (D:6)
  A phantom (D:5)
  Blork the orc (D:6)
  3 bullfrogs
  2 scorpions
  A small abomination (Abyss:2)
  12 wights
  Dowan (D:6)
  33 killer bees
  An electric eel (D:9)
  5 howler monkeys
  A quasit (Abyss:2)
  8 orc priests
  3 sleepcaps
  A gnoll bouda (D:3)
  7 iguanas
  2 jellies (D:6)
  2 boggart zombies (D:13)
  11 orc wizards
  A boggart simulacrum (D:13)
  Robin (D:2)
  11 adders
  4 gnolls (D:3)
  A white imp (D:6)
  2 ufetubi
  2 worms
  2 dart slugs
  38 orcs
  4 endoplasms
  3 giant cockroaches (D:2)
  17 goblins
  12 hobgoblins
  5 kobolds
  4 quokkas
  2 ball pythons
  4 bats
  5 frilled lizards
  3 rats
322 creatures vanquished.

Vanquished Creatures (others)
  A killer bee (D:11)
  6 starspawn tentacles (Abyss:2)
7 creatures vanquished.

Grand Total: 329 creatures vanquished

Notes
Turn   | Place    | Note
-------+----------+-------------------------------------------
     0 | D:1      | Ethylacetat the Octopode Shapeshifter began the quest for
                  | the Orb.
     0 | D:1      | Reached XP level 1. HP: 13/13 MP: 1/1
   122 | D:1      | Found a faded altar of an unknown god.
   179 | D:1      | Reached XP level 2. HP: 12/18 MP: 2/2
  1028 | D:2      | Reached XP level 3. HP: 23/23 MP: 3/3
  1198 | D:2      | Noticed Robin
  1219 | D:2      | Reached XP level 4. HP: 9/29 MP: 1/4
  1308 | D:2      | Killed Robin
  1456 | D:2      | Noticed Sigmund
  1464 | D:2      | Killed Sigmund
  1465 | D:2      | Reached skill level 4 in Shapeshifting
  1465 | D:2      | Reached XP level 5. HP: 28/36 MP: 3/5
  1465 | D:2      | Reached XP level 6. HP: 32/41 MP: 3/6
  2418 | D:3      | Found the +7 staff of the Meek {protect, meekguard}
  3014 | D:4      | Reached skill level 5 in Shapeshifting
  3190 | D:4      | Reached XP level 7. HP: 46/46 MP: 7/7
  3621 | D:5      | Entered Level 5 of the Dungeon
  3713 | D:5      | Reached skill level 5 in Unarmed Combat
  3763 | D:5      | Reached skill level 6 in Shapeshifting
  3763 | D:5      | Reached XP level 8. HP: 54/54 MP: 8/8
  4313 | D:5      | Found a staircase to the Ecumenical Temple.
  4321 | Temple   | Entered the Ecumenical Temple
  4329 | Temple   | Became a worshipper of Gozag Ym Sagoz the Greedy
  4528 | D:6      | Found Reecku's Jewellery Boutique.
  4661 | D:6      | Reached skill level 5 in Fighting
  4664 | D:6      | Noticed Grinder
  4673 | D:6      | Killed Grinder
  4674 | D:6      | Reached skill level 7 in Shapeshifting
  4679 | D:6      | Reached XP level 9. HP: 39/61 MP: 6/9
  4806 | D:6      | Noticed Duvessa
  4807 | D:6      | Noticed Dowan
  4819 | D:6      | Killed Duvessa
  4834 | D:6      | Killed Dowan
  5066 | D:6      | Noticed Blork the orc
  5074 | D:6      | Killed Blork the orc
  5287 | D:6      | Noticed Menkaure
  5293 | D:6      | Killed Menkaure
  5389 | D:6      | Reached skill level 8 in Shapeshifting
  5652 | D:6      | Found a bloodstained altar of Trog.
  5752 | D:6      | Found an ornate altar of the Wu Jian Council.
  5812 | D:7      | Noticed a hornet
  5816 | D:7      | Paralysed by a hornet for 1 turns
  5825 | D:7      | Killed a hornet
  6169 | D:7      | Noticed a hornet
  6177 | D:7      | Killed a hornet
  6465 | D:7      | Reached XP level 10. HP: 69/69 MP: 8/10
  6557 | D:7      | Reached skill level 9 in Shapeshifting
  6811 | D:7      | Noticed Pikel
  6858 | D:7      | Killed Pikel
  8094 | D:8      | Noticed a two-headed ogre
  8103 | D:8      | Killed a two-headed ogre
  8190 | D:6      | Bought a +5 ring of evasion for 540 gold pieces
  8672 | D:9      | Reached skill level 10 in Shapeshifting
  8821 | D:9      | Noticed Erolcha
  8829 | Abyss:2  | Cast into level 2 of the Abyss (Erolcha)
  8852 | Abyss:2  | Noticed a large abomination
  8929 | Abyss:2  | Noticed a starcursed mass
  9029 | Abyss:2  | Noticed a large abomination
  9032 | Abyss:2  | Found a corrupted altar of Lugonu.
  9043 | Abyss:2  | Noticed a starcursed mass
  9046 | Abyss:2  | Noticed a spatial maelstrom
  9052 | Abyss:2  | Found a corrupted altar of Lugonu.
  9077 | Abyss:2  | Noticed a guardian serpent
  9081 | Abyss:2  | Noticed a tentacled starspawn
  9084 | Abyss:2  | a guardian serpent changed into a yak
  9084 | Abyss:2  | Noticed a thrashing horror
  9092 | Abyss:2  | Noticed a white very ugly thing
  9094 | Abyss:2  | Noticed a rakshasa
  9118 | Abyss:2  | Found a corrupted altar of Lugonu.
  9155 | Abyss:2  | Noticed a lich
  9162 | Abyss:2  | Found a corrupted altar of Lugonu.
  9173 | Abyss:2  | Noticed a wretched star
  9197 | Abyss:2  | Noticed a tentacled starspawn
  9336 | Abyss:2  | Noticed a starcursed mass
  9348 | D:9      | Escaped the Abyss
  9364 | D:9      | Killed Erolcha
  9365 | D:9      | Reached XP level 11. HP: 32/77 MP: 4/11
  9715 | D:9      | Noticed a two-headed ogre
  9721 | D:9      | Killed a two-headed ogre
 10146 | D:9      | Noticed Maggie
 10154 | D:9      | Killed Maggie
 10200 | D:9      | Found a snail-covered altar of Cheibriados.
 10204 | D:9      | Found a shimmering blue altar of Sif Muna.
 10310 | D:9      | Found a blossoming altar of Fedhas.
 10384 | D:10     | Entered Level 10 of the Dungeon
 10461 | D:10     | Reached skill level 11 in Shapeshifting
 10618 | D:10     | Noticed a death yak
 10619 | D:10     | Found a staircase to the Lair.
 10652 | D:10     | Killed a death yak
 10677 | D:10     | Found a burning altar of Makhleb.
 10735 | D:10     | Noticed a two-headed ogre
 10741 | D:10     | Killed a two-headed ogre
 10794 | D:10     | Noticed a death yak
 10794 | D:10     | Noticed a death yak
 10934 | D:10     | Killed a death yak
 10935 | D:10     | Reached skill level 10 in Unarmed Combat
 10941 | D:10     | Killed a death yak
 10942 | D:10     | Reached XP level 12. HP: 42/86 MP: 5/12
 11845 | D:11     | Noticed a two-headed ogre
 11855 | D:11     | Killed a two-headed ogre
 11856 | D:11     | Reached skill level 12 in Shapeshifting
 11984 | D:11     | Noticed a two-headed ogre
 11991 | D:11     | Killed a two-headed ogre
 11996 | D:11     | Noticed a two-headed ogre
 12010 | D:11     | Reached skill level 10 in Fighting
 12049 | D:11     | Killed a two-headed ogre
 12766 | D:11     | Found a staircase to the Orcish Mines.
 13447 | D:11     | Reached skill level 13 in Shapeshifting
 13881 | D:12     | Reached XP level 13. HP: 94/94 MP: 13/13
 14205 | D:12     | Noticed a fire dragon
 14215 | D:12     | Killed a fire dragon
 16328 | D:13     | Identified the +2 long sword "Lawiar" {freeze, *Rage rC+
                  | Will++ rCorr}
 16337 | D:13     | Reached skill level 14 in Shapeshifting
 16338 | D:13     | Identified the +6 mace "Bimowiti" {freeze, rPois rN+}
 16338 | D:13     | Noticed a yaktaur captain
 16341 | D:13     | HP: 2/114 [centaur warrior/the +2 long sword "Lawiar"
                  | {freeze, *Rage rC+ Will++ rCorr} (7)]
 16341 | D:13     | Slain by a centaur warrior

Illustrated notes

Levels and vault maps discovered:
D:1:      heliophobic_arrival_battle_scene, layout_basic,
          ebering_ecumenical_altar_ruins, minivault_25
D:2:      layout_basic, uniq_robin, uniq_sigmund
D:3:      layout_loops_corners
D:4:      layout_rooms, st_stairs_8, small_statue_intersection,
          kennysheep_decorative_pillar
D:5:      layout_loops_ring, minmay_temple_entry_proselytizer,
          nicolae_houndstooth_variations
D:6:      layout_cave_pods, kennysheep_mini,
          nicolae_wu_jian_immortal_techniques, serial_shops, shop_coins,
          supply_closet_lemuel, kennysheep_crisscross,
          corexii_item_surrounded_by_moat, dreamdust_princess_corridor,
          grunt_ministairs_8, kb_lookout_dungeons_type, uniq_blork_the_orc,
          uniq_duvessa, uniq_menkaure, uniq_grinder
D:7:      layout_basic, kennysheep_another_room, uniq_pikel
D:8:      layout_basic
D:9:      layout_basic, fedhas_altar_4, grunt_temple_overflow_open,
          serial_curves, eino_curves_03, eino_curves_01, kennysheep_minor_cross,
          uniq_maggie, uniq_erolcha
D:10:     layout_gridville, mainiacjoe_overflow_alcove_1, dpeg_lair_monsters
D:11:     regret_index_tunnel_blossom, layout_basic, orc_0_dummy
D:12:     layout_basic
D:13:     minmay_complete_graph, layout_gridville, serial_undead,
          serial_undead_d, serial_undead_c, serial_undead_b, serial_undead_c,
          minmay_misc_feat_five, minmay_misc_feat_tiny
Temple:   lightli_temple_of_artemis

Skill      XL: |  1  2  3  4  5  6  7  8  9 10 11 12 13 |
---------------+----------------------------------------+-----
Fighting       | 2 3 4 5 6 8 9 10 11 | 11.6
Unarmed Combat | 4 5 6 7 8 10 11 12 | 12.0
Shapeshifting  | 4 5 6 7 8 10 11 13 14 | 14.0
Dodging        | |  2.0

Action                     |  1- 3 |  4- 6 |  7- 9 | 10-12 | 13-15 || total
---------------------------+-------+-------+-------+-------+-------++-------
  Melee: Unarmed           |    59 |    70 |     5 |   467 |   161 ||   762
         Constrict         |    12 |    26 |    51 |    90 |    24 ||   203
         Tentacles         |    12 |    19 |    46 |       |       ||    77
         Flail             |       |     7 |   184 |       |       ||   191
         Punch             |       |       |     8 |       |       ||     8
  Evoke: Wand              |       |       |    20 |     2 |       ||    22
    Use: Potion            |       |       |     1 |     1 |     2 ||     4
         Scroll            |       |       |       |     5 |     1 ||     6
   Stab: Sleeping          |     9 |    10 |     6 |       |       ||    25
         Invisible         |       |       |     1 |     2 |       ||     3
         Distracted        |       |       |       |     6 |       ||     6
 Armour: Skin              |       |    10 |   116 |   187 |   109 ||   422
  Dodge: Dodged            |    25 |    31 |   139 |   266 |   135 ||   596
  Block: Buckler           |     2 |     6 |    44 |       |       ||    52
   Form: Anaconda          |       |       |     1 |       |       ||     1

Table legend: (Time is in decaauts)
 A = Elapsed time spent in this place.
 B = Non-inter-level travel time spent in this place.
 C = Inter-level travel time spent in this place.
 D = Time resting spent in this place.
 E = Time spent auto-exploring this place.
 F = Levels seen in this place.
 G = Mean time per level.
                   A        B        C        D        E       F      G
               +--------+--------+--------+--------+--------+-----+--------+
         Total |  16309 |  15772 |    537 |   1866 |  11056 |  15 | 1087.3 |
       Dungeon |  15787 |  15257 |    530 |   1849 |  11056 |  13 | 1214.4 |
        Temple |     16 |      9 |      7 |      0 |      0 |   1 |   16.0 |
         Abyss |    504 |    504 |      0 |     17 |      0 |   1 |  504.0 |
               +--------+--------+--------+--------+--------+-----+--------+

Top non-repeatable levels by time:
    D:10: 1731 daAuts
     D:9: 1539 daAuts
     D:6: 1531 daAuts
     D:7: 1509 daAuts
    D:11: 1437 daAuts
    D:12: 1401 daAuts
    D:13: 1244 daAuts
     D:1: 1068 daAuts
     D:2: 984 daAuts
     D:5: 922 daAuts
     D:3: 893 daAuts
     D:8: 844 daAuts
     D:4: 678 daAuts
 Abyss:2: 504 daAuts
  Temple: 16 daAuts
